 Dungeon Crawl Stone Soup version 0.17.0-28-g6e173f8 (webtiles) character file.

33 xeno23 the Gusty (level 3, -2/26 HPs)
             Began as a Demigod Air Elementalist on Nov 24, 2015.
             Slain by an adder (5 damage)
             ... on level 2 of the Dungeon.
             The game lasted 00:04:12 (947 turns).

xeno23 the Gusty (Demigod Air Elementalist)          Turns: 947, Time: 00:04:13

Health: -2/26      AC:  2    Str: 13    XL:     3   Next: 0%
Magic:  1/9        EV: 12    Int: 19    God:
Gold:   86         SH:  0    Dex: 16    Spells: 3 memorised, 1 level left

rFire  . . .     SeeInvis .     i - +1 dagger (flame)
rCold  . . .     Clarity  .     a - +0 robe
rNeg   . . .     SustAt   +     (no shield)
rPois  .         Gourm    .     (no helmet)
rElec  .         Spirit   .     (no cloak)
rCorr  +         Warding  .     (no gloves)
rMut   .         Stasis   .     (no boots)
MR     .....                    j - amulet of resist corrosion
Stlth  ++........               (no ring)
                                (no ring)

@: lethally poisoned (-2 -> -8), very slightly contaminated, repel missiles, not
resistant to hostile enchantments, unstealthy
A: high mp 1, sustain attributes
a: no special abilities


You were on level 2 of the Dungeon.
You were hungry.

You visited 1 branch of the dungeon, and saw 2 of its levels.

You collected 86 gold pieces.

Inventory:

Hand Weapons
 i - a +1 dagger of flaming (weapon)
Armour
 a - a +0 robe (worn)
Jewellery
 j - an amulet of resist corrosion (around neck)
Scrolls
 d - a scroll of identify {unknown}
 f - 2 scrolls of enchant armour {unknown}
 g - 3 scrolls of recharging {unknown}
 h - 2 scrolls of remove curse {unknown}
Potions
 e - a potion of cure mutation {unknown}
 l - a potion of resistance {unknown}
 m - a potion of poison {unknown}
 n - a potion of mutation {unknown}
Books
 b - a book of Air

   Spells                             Type                      Level
   a - Shock                          Conjuration/Air              1
   b - Swiftness                      Charms/Air                   2
   c - Repel Missiles                 Charms/Air                   2
   d - Static Discharge               Conjuration/Air              3
   e - Lightning Bolt                 Conjuration/Air              5
Comestibles
 c - 3 bread rations


   Skills:
 - Level 1.7 Dodging
 - Level 1.7 Stealth
 + Level 2.3 Spellcasting
 + Level 1.6 Conjurations
 + Level 3.0 Air Magic


You had one spell level left.
You knew the following spells:

 Your Spells              Type           Power        Failure   Level  Hunger
a - Shock                 Conj/Air       ##..         10%         1    #......
b - Swiftness             Chrm/Air       #.......     14%         2    ##.....
r - Repel Missiles        Chrm/Air       #.....       14%         2    ##.....


Dungeon Overview and Level Annotations

Branches:
Dungeon (2/15)


Innate Abilities, Weirdness & Mutations

You have an increased reservoir of magic (+10% MP).
Your attributes are resistant to harm.


Message History

The adder is heavily wounded.
The adder bites you.
* * * LOW HITPOINT WARNING * * *
You take 4 damage.
You closely miss the adder.
The adder is heavily wounded.
* * * LOW HITPOINT WARNING * * *
You feel sick. The adder closely misses you.
You take 1 damage.
You hit the adder. You burn the adder.
The adder is severely wounded.
The adder bites you.
* * * LOW HITPOINT WARNING * * *
The adder closely misses you.
You take 2 damage.
You hit the adder. You burn the adder.
The adder is almost dead.
* * * LOW HITPOINT WARNING * * *
You feel sick. The adder bites you.
You die...

..##...#...##
..#.........#####
.............##.###
.............##...# .#
..r..........###.>## #.#
#......[..# #...# #.#
#.......# ##..###.# #
#S# ##...#.# #.#@#
#.#.#.# ##...######
#...#.# #.........#
###...# #............#
#.#.#
#.##.........#######.#..
# #......(.............
#..........######....
##....####..# ###..
##...# ##.# #....#


You could see an adder.

Vanquished Creatures
  2 giant geckos
  2 goblins
  6 hobgoblins
  3 jackals (D:1)
  4 kobolds
  A ball python (D:1)
  3 bats
  8 rats
29 creatures vanquished.

Notes
Turn   | Place    | Note
--------------------------------------------------------------
     0 | D:1      | xeno23 the Demigod Air Elementalist began the quest for the Orb.
     0 | D:1      | Reached XP level 1. HP: 14/14 MP: 5/5
    45 | D:1      | Reached skill level 1 in Conjurations
   282 | D:1      | Reached XP level 2. HP: 20/20 MP: 2/7
   342 | D:1      | Reached skill level 3 in Air Magic
   415 | D:1      | Learned a level 2 spell: Swiftness
   418 | D:1      | Learned a level 2 spell: Repel Missiles
   934 | D:2      | Reached XP level 3. HP: 26/26 MP: 2/9
   947 | D:2      | Slain by an adder

Action                   || total
-------------------------++-------
Melee: Unarmed           ||    27
       Dagger            ||    22
 Cast: Shock             ||    42
       Repel Missiles    ||     1
 Stab: Sleeping          ||     1
